 Dungeon Crawl Stone Soup version 0.20.0-14-g326068f (webtiles) character file.

11206 skittles the Arsonist (level 11, -23/84 HPs)
             Began as a Yellow Draconian Fire Elementalist on June 8, 2017.
             Was a Priest of Vehumet.
             Annihilated by an orc knight
             ... wielding a +0 glaive
              (33 damage)
             ... in a bailey.
             The game lasted 01:01:50 (15149 turns).

skittles the Arsonist (DrFE)                       Turns: 15149, Time: 01:01:50

Health: -23/84     AC:  9    Str: 11    XL:     11   Next: 46%
Magic:  15/19      EV: 17    Int: 19    God:    Vehumet [***...]
Gold:   525        SH:  0    Dex: 13    Spells: 7/20 levels left

rFire    + + .     SeeInvis .   b - staff of fire
rCold    + . .     Gourm    .   (no shield)
rNeg     . . .     Faith    .   (armour unavailable)
rPois    .         Spirit   .   (helmet restricted)
rElec    .         Reflect  .   l - scarf {rC+ rF+}
rCorr    +         Harm     .   h - +0 pair of gloves
MR       .....                  i - +0 pair of boots
Stlth    ++........             E - amulet of magic regeneration
Regen    0.3/turn               m - +3 ring of evasion
MPRegen  0.3/turn               (no ring)

@: no status effects
A: spit acid, acid resistance, unfitting armour, antennae 1, agile 1, evolution
1, cold-blooded, AC +7
a: Breathe Acid, Renounce Religion


You were in a bailey.
You worshipped Vehumet.
Vehumet was most pleased with you.
You were hungry.

You visited 2 branches of the dungeon, and saw 12 of its levels.
You also visited: Sewer and Bailey.

You collected 705 gold pieces.
You spent 180 gold pieces at shops.

Inventory:

Hand Weapons
 a - a +0 dagger of electrocution
 c - a +2 short sword of flaming
 F - a +2 dagger of venom
 H - a +3 falchion of holy wrath
 R - a +4 halberd
Armour
 h - a +0 pair of gloves (worn)
 i - a +0 pair of boots (worn)
 l - a scarf of resistance (worn)
Magical Staves
 b - an uncursed staff of fire (weapon)
Jewellery
 m - a +3 ring of evasion (left hand)
 E - an amulet of magic regeneration (around neck)
Wands
 y - a wand of flame (13/48)
 G - a wand of iceblast (14/15)
 J - a wand of confusion (30/48)
Scrolls
 e - 7 scrolls of teleportation
 f - 3 scrolls of magic mapping
 j - 2 scrolls of recharging
 n - a scroll of amnesia
 o - a scroll of blinking
 u - a scroll of random uselessness {unknown}
 v - a scroll of brand weapon {unknown}
 w - a scroll of enchant weapon {unknown}
 A - 2 scrolls of fear
 B - a scroll of fog {unknown}
 K - a scroll of holy word {unknown}
 O - 6 scrolls of remove curse
Potions
 d - 7 potions of might
 k - 4 potions of lignification
 r - 6 potions of haste
 t - 2 potions of magic
 x - 2 potions of berserk rage
 C - 4 potions of curing
 D - 8 potions of heal wounds
 M - a potion of resistance {unknown}
 N - a potion of flight {unknown}
 Q - 2 potions of brilliance
Books
 q - a book of Flames

   Spells                             Type                      Level
   a - Flame Tongue                   Conjuration/Fire             1
   b - Throw Flame                    Conjuration/Fire             2
   c - Conjure Flame                  Conjuration/Fire             3
   d - Inner Flame                    Hexes/Fire                   3
   e - Sticky Flame                   Conjuration/Fire             4
   f - Fireball                       Conjuration/Fire             5
 s - a book of Misfortune

   Spells                             Type                      Level
   a - Confusing Touch                Hexes                        1
   b - Confuse                        Hexes                        3
   c - Gell's Gravitas                Translocation                3
   d - Petrify                        Transmutation/Earth          4
   e - Metabolic Englaciation         Hexes/Ice                    5
   f - Yara's Violent Unravelling     Hexes/Transmutation          5
 I - a book of Power

   Spells                             Type                      Level
   a - Iskenderun's Battlesphere      Conjuration/Charms           5
   b - Venom Bolt                     Conjuration/Poison           5
   c - Bolt of Magma                  Conjuration/Fire/Earth       5
   d - Iron Shot                      Conjuration/Earth            6
   e - Orb of Destruction             Conjuration                  7
   f - Spellforged Servitor           Conjuration/Summoning        7
Comestibles
 g - 6 bread rations
 z - 5 royal jellies
 L - 3 meat rations
 P - 3 chunks of flesh


   Skills:
 - Level 4.1 Fighting
 - Level 4.1 Dodging
 - Level 1.7 Stealth
 + Level 5.4 Spellcasting
 + Level 11.5 Conjurations
 + Level 11.9 Fire Magic


You had 7 spell levels left.
You knew the following spells:

 Your Spells              Type           Power        Failure   Level  Hunger
a - Flame Tongue          Conj/Fire      #####        1%          1    None
b - Conjure Flame         Conj/Fire      ######..     1%          3    ##.....
c - Sticky Flame          Conj/Fire      ######..     1%          4    ####...
d - Fireball              Conj/Fire      ######....   1%          5    #####..


Dungeon Overview and Level Annotations

Branches:
Dungeon (11/15)            Temple (1/1) D:7            Lair (0/6) D:8
    Orc (0/2) D:11

Altars:
Cheibriados
Dithmenos
Elyvilon
Fedhas
Gozag
Hepliaklqana
Nemelex Xobeh
Okawaru
Qazlal
Ru
Sif Muna
Trog
Uskayaw
Vehumet
Xom
Yredelemnul
The Shining One

Shops:
D:5 ?


Innate Abilities, Weirdness & Mutations

You can spit globs of acid.
You are resistant to acid.
Your golden yellow scales are hard. (AC +7)
You cannot fit into any form of body armour.
You are cold-blooded and may be slowed by cold attacks.
You have a pair of small antennae on your head.
You are agile. (Dex +2)
You evolve.


Message History

Aiming: Fireball
Press: ? - help, Shift-Dir - straight line, f - orc knight
Aim: an orc knight, wielding a glaive and wearing a plate armour (flame, unusually strong)
You feel a surge of power!
The fireball explodes!
The fireball engulfs the orc knight.
The orc knight is moderately wounded.
The fireball engulfs the orc knight.
The orc knight is almost dead.
The fireball engulfs the orc knight.
The orc knight is moderately wounded.
The fireball engulfs the orc warrior.
You kill the orc warrior!
Vehumet accepts your kill.
You feel your power returning.
The orc knight is engulfed in blazing flames.
The orc knight no longer looks unusually strong.
The orc knight roars a battlecry!
The orc knights go into a battle-frenzy!
The orc knight hits you from afar with a glaive!!
You die...

############ #######
##.∩.....)..## ##.....######
#........)...######..))...#....
#.......).)..#....#o.)))..'....
#∩........)).'@.o.§o..))..'....
#.......).)).#....#o.)....'....
#........).).######.......#....
##.∩........## ##.....######
############ #######


You could see 4 orc knights.

Vanquished Creatures
  2 two-headed ogres
  An unseen horror (D:9)
  A cyclops (D:9)
  Maurice (D:8)
  Joseph (D:7)
  A centaur skeleton (D:10)
  A troll (D:11)
  A hornet (D:9)
  Prince Ribbit (D:7)
  2 hippogriffs
  7 yaks
  2 hungry ghosts
  A water moccasin (D:6)
  8 orc warriors
  3 ice beasts
  2 black bears
  3 sky beasts
  5 ogres
  6 phantoms
  A centaur (D:7)
  A big kobold (D:7)
  Blork the orc (D:6)
  7 bullfrogs
  14 killer bees
  4 scorpions
  3 howler monkeys
  10 crimson imps
  2 jellies
  8 hounds
  4 orc priests
  4 iguanas
  8 orc wizards
  6 worker ants
  2 killer bee zombies
  2 hound skeletons
  15 adders
  7 gnolls
  A white imp (D:8)
  4 oozes
  An adder skeleton (D:8)
  4 worms
  2 dart slugs
  5 leopard geckos
  67 orcs
  A ball python (Sewer)
  5 bats
  3 giant cockroaches
  7 hobgoblins
  25 jackals
  4 quokkas
  12 frilled lizards
  12 goblins
  A jackal zombie (D:8)
  24 kobolds
  A quokka zombie (D:3)
  6 rats
  A plant (Sewer)
334 creatures vanquished.

Vanquished Creatures (others)
  A quokka (D:7)
1 creature vanquished.

Grand Total: 335 creatures vanquished

Notes
Turn   | Place    | Note
-------+----------+-------------------------------------------
     0 | D:1      | skittles the Draconian Fire Elementalist began the quest for the Orb.
     0 | D:1      | Reached XP level 1. HP: 14/14 MP: 3/3
   360 | D:1      | Reached XP level 2. HP: 19/20 MP: 5/5
  1338 | D:2      | Reached XP level 3. HP: 5/26 MP: 1/6
  1594 | D:2      | Learned a level 3 spell: Conjure Flame
  2073 | D:2      | Reached XP level 4. HP: 27/33 MP: 2/7
  3040 | D:3      | Reached XP level 5. HP: 32/38 MP: 8/8
  3557 | D:3      | Reached skill level 5 in Fire Magic
  3861 | D:4      | Noticed a phantom
  3868 | D:3      | Reached XP level 6. HP: 45/45 MP: 7/9
  3878 | D:3      | Learned a level 4 spell: Sticky Flame
  4330 | D:4      | Found a shimmering altar of Xom.
  4595 | D:5      | Entered Level 5 of the Dungeon
  4601 | D:5      | Found Qudetur's Magic Scroll Boutique.
  4606 | D:5      | Bought a scroll of identify for 20 gold pieces
  4644 | D:5      | Found a blossoming altar of Fedhas.
  4747 | D:5      | Reached skill level 5 in Conjurations
  4747 | D:5      | Your scales start taking on a golden yellow colour.
  4747 | D:5      | Reached XP level 7. HP: 50/50 MP: 5/10
  4844 | D:5      | Found a glowing drain.
  4856 | Sewer    | Entered a sewer
  5686 | D:5      | Bought a scroll of identify for 20 gold pieces
  5686 | D:5      | Bought a scroll of teleportation for 30 gold pieces
  5686 | D:5      | Bought a scroll of fear for 35 gold pieces
  5686 | D:5      | Bought a scroll of identify for 20 gold pieces
  5686 | D:5      | Bought a scroll of amnesia for 35 gold pieces
  5686 | D:5      | Bought a scroll of identify for 20 gold pieces
  5689 | D:5      | Gained mutation: You have a pair of small antennae on your head. [potion of mutation]
  5689 | D:5      | Gained mutation: You possess an exceptional clarity of mind. [potion of mutation]
  5689 | D:5      | Gained mutation: You evolve. [potion of mutation]
  6202 | D:6      | Noticed Blork the orc
  6213 | D:6      | Killed Blork the orc
  6493 | D:6      | Reached XP level 8. HP: 57/57 MP: 11/11
  6676 | D:6      | Found a basalt altar of Yredelemnul.
  7651 | D:7      | Noticed Joseph
  7882 | D:6      | Lost mutation: You possess an exceptional clarity of mind. [evolution]
  7982 | D:6      | Paralysed by fainting for 6 turns
  8052 | D:7      | Reached XP level 9. HP: 33/62 MP: 4/12
  9232 | D:8      | Gained mutation: You are agile. (Dex +2) [evolution]
  9235 | D:8      | Found a sand-covered staircase.
  9388 | D:8      | Noticed Maurice
  9855 | D:7      | Killed Joseph
  9855 | D:7      | Reached skill level 10 in Fire Magic
 10447 | D:7      | Noticed Prince Ribbit
 10475 | D:7      | Reached skill level 10 in Conjurations
 10761 | D:7      | Killed Prince Ribbit
 10761 | D:7      | Reached XP level 10. HP: 49/69 MP: 1/13
 10969 | D:7      | Found a white marble altar of Elyvilon.
 10976 | D:7      | Learned a level 5 spell: Fireball
 11068 | D:7      | Found a staircase to the Ecumenical Temple.
 11075 | Temple   | Entered the Ecumenical Temple
 11116 | Temple   | Became a worshipper of Vehumet
 11455 | D:8      | Noticed a two-headed ogre
 11472 | D:8      | Killed a two-headed ogre
 11472 | D:8      | Reached skill level 1 in Fighting
 11632 | D:8      | Noticed a dagger
 11632 | D:8      | Noticed a hand axe
 11633 | D:8      | Found a hide-covered altar of Uskayaw.
 11685 | D:8      | Found a staircase to the Lair.
 11698 | D:8      | Killed Maurice
 12644 | D:9      | Noticed a cyclops
 12653 | D:9      | Killed a cyclops
 12702 | D:9      | Reached * piety under Vehumet
 12702 | D:9      | Offered knowledge of Shock by Vehumet.
 12971 | D:9      | Paralysed by a hornet for 1 turns
 13212 | D:9      | Noticed an unseen horror
 13215 | D:9      | Killed an unseen horror
 13215 | D:9      | Reached XP level 11. HP: 74/84 MP: 8/17
 13335 | D:9      | Noticed a two-headed ogre
 13352 | D:9      | Killed a two-headed ogre
 13602 | D:10     | Entered Level 10 of the Dungeon
 14007 | D:10     | Reached ** piety under Vehumet
 14058 | D:10     | Offered knowledge of Sting by Vehumet.
 14316 | D:10     | Reached skill level 5 in Spellcasting
 14603 | D:11     | Noticed a red ugly thing
 14712 | D:11     | Found a staircase to the Orcish Mines.
 14794 | D:11     | Offered knowledge of Dazzling Spray by Vehumet.
 14796 | D:11     | Found a flagged portal.
 14801 | Bailey   | Entered a bailey
 14975 | Bailey   | Reached *** piety under Vehumet
 15117 | Bailey   | Noticed an orc knight
 15117 | Bailey   | Noticed an orc knight
 15128 | Bailey   | Offered knowledge of Ignite Poison by Vehumet.
 15131 | Bailey   | Noticed an orc knight
 15134 | Bailey   | Noticed an orc knight
 15149 | Bailey   | Annihilated by an orc knight

Skill      XL: |  1  2  3  4  5  6  7  8  9 10 11 |
---------------+----------------------------------+-----
Conjurations   | 2 3 4 5 6 8 10 11 | 11.5
Fire Magic     | 4 5 6 7 9 10 11 | 11.9
Dodging        | 4 |  4.1
Fighting       | 4 |  4.1
Spellcasting   | 4 5 |  5.4
Stealth        | |  1.7

Action                   |  1- 3 |  4- 6 |  7- 9 | 10-12 || total
-------------------------+-------+-------+-------+-------++-------
Melee: Short sword       |    92 |    68 |       |       ||   160
       Tailslap          |     9 |     8 |    34 |    21 ||    72
       Spear             |    16 |    18 |       |       ||    34
       Dagger            |       |    66 |   378 |    71 ||   515
       Falchion          |       |       |     3 |       ||     3
       Staff             |       |       |     1 |    63 ||    64
 Cast: Flame Tongue      |    28 |    43 |    97 |   146 ||   314
       Conjure Flame     |     1 |       |     2 |     2 ||     5
       Sticky Flame      |       |     1 |    40 |    36 ||    77
       Fireball          |       |       |       |    14 ||    14
 Abil: Breathe Acid      |       |       |     3 |     6 ||     9
  Use: Scroll            |       |       |    10 |     6 ||    16
       Potion            |       |       |     3 |     1 ||     4
 Stab: Sleeping          |     3 |     2 |     3 |     1 ||     9
  Eat: Chunk             |     4 |     9 |    26 |    11 ||    50
       Fruit             |       |       |     6 |       ||     6
       Meat ration       |       |       |     1 |     2 ||     3
       Bread ration      |       |       |       |     1 ||     1
Armor: Skin              |    48 |    49 |   141 |    51 ||   289
Dodge: Dodged            |    87 |   146 |   363 |   198 ||   794
